AoeStats
← Adrijiga

MegaRandom

509127940Analyzed
3v3 RM · 8d ago on Sep 25, 2026· 50m 7s· 6 players
Game mode
Random Map
Map size
Normal (6 player)
Population
200
Speed
Normal
Resources
Standard
Victory
Conquest
Starting age
Dark Age
Ending age
Imperial Age
RankedLock teamsTeams togetherTeam positionsShared explorationLock speedFull tech treeHidden civsTurbo modeCheats
Victory
Defeat
1495
+12
🇲🇽 Italians · Mexico
1317
+20
🇲🇽 Georgians · Mexico
1209
+24
🇪🇸 Hindustanis · Spain
1418
-19
🇦🇷 Persians · Argentina
1399
-19
🇯🇵 Saxons · Japan
1386
-18
Polaco
6:42 Loom
9:00 Feudal Age
9:59 Double-Bit Axe
12:49 Horse Collar
14:41 Scale Barding Armor
20:50 Castle Age
19:17 Forging
19:49 Bloodlines
22:25 Chain Barding Armor
22:13 Husbandry
24:14 Wheelbarrow
26:27 Iron Casting
27:33 Town Watch
29:24 Hand Cart
31:25 Bow Saw
34:15 Imperial Age
33:08 Gold Mining
35:44 Chemistry
35:34 Plate Barding Armor
34:21 Cavalier
36:48 Gold Shaft Mining
36:52 Heavy Plow
37:14 Stone Mining
37:30 Town Patrol
37:21 Savar
39:43 Blast Furnace
44:09 Light Cavalry
45:35 Hussar
48:06 Conscription
Adrijiga
10:21 Feudal Age
9:22 Loom
10:56 Double-Bit Axe
15:37 Forging
24:33 Castle Age
24:00 Stone Mining
31:06 Scale Barding Armor
31:15 Horse Collar
32:11 Stone Shaft Mining
33:11 Town Watch
36:56 Ballistics
38:30 Wheelbarrow
38:39 Fletching
38:58 Murder Holes
39:43 Bodkin Arrow
42:12 Hand Cart
48:27 Imperial Age
46:29 Bloodlines
48:14 Iron Casting
50:57 Chain Barding Armor
ken4403
8:04 Loom
9:50 Feudal Age
12:12 Double-Bit Axe
15:04 Castle Age
12:48 Horse Collar
13:40 Gold Mining
14:54 Fletching
16:15 Bow Saw
18:39 Wheelbarrow
18:34 Crossbowman
21:21 Bodkin Arrow
22:49 Padded Archer Armor
24:10 Ballistics
24:59 Gold Mining
33:05 Imperial Age
31:43 Thumb Ring
31:55 Leather Archer Armor
33:20 Hand Cart
32:51 Town Watch
34:10 Bracer
35:15 Chemistry
35:15 Ring Archer Armor
34:54 Arbalester
36:41 Gold Shaft Mining
36:08 Heavy Plow
36:23 Treadmill Crane
36:48 Siege Engineers
36:54 Masonry
37:09 Conscription
38:54 Pikeman
40:05 Halberdier
40:46 Squires
41:22 Scale Mail Armor
41:32 Forging
42:54 Two-Man Saw
42:25 Crop Rotation
44:32 Chain Mail Armor
44:52 Iron Casting
higuilopez
8:03 Loom
10:29 Feudal Age
14:36 Castle Age
17:11 Fletching
17:52 Bodkin Arrow
19:04 Loom
30:06 Imperial Age
27:42 Gold Mining
30:19 Wheelbarrow
29:41 Stone Mining
31:24 Stone Shaft Mining
31:24 Bracer
34:23 Padded Archer Armor
35:54 Leather Archer Armor
35:32 Double-Bit Axe
38:24 Ring Archer Armor
40:44 Ballistics
42:36 Chemistry
44:13 Conscription
44:04 Elite Genoese Crossbowman
50:54 Hand Cart
El Influencer y hotelero 3x
6:31 Loom
8:56 Feudal Age
12:07 Fletching
15:46 Padded Archer Armor
21:57 Castle Age
22:36 Bodkin Arrow
22:04 Crossbowman
24:15 Wheelbarrow
24:22 Ballistics
24:17 Double-Bit Axe
28:02 Wheelbarrow
28:36 Scale Barding Armor
29:45 Bow Saw
31:34 Hand Cart
32:01 Town Watch
36:26 Imperial Age
34:20 Forging
35:16 Bloodlines
35:06 Husbandry
35:28 Chain Barding Armor
35:34 Gold Mining
37:49 Plate Barding Armor
36:45 Cavalier
39:34 Iron Casting
46:43 Conscription
47:49 Pikeman
48:57 Halberdier
50:46 Scale Mail Armor
Dr_Simi
5:11 Loom
8:04 Feudal Age
8:51 Double-Bit Axe
19:08 Castle Age
17:10 Horse Collar
18:38 Bloodlines
19:52 Fletching
24:13 Wheelbarrow
25:21 Husbandry
26:26 Forging
29:28 Scale Barding Armor
29:29 Town Watch
30:30 Chain Barding Armor
31:26 Heavy Plow
32:51 Light Cavalry
37:46 Imperial Age
35:33 Bodkin Arrow
35:59 Padded Archer Armor
36:04 Gold Mining
36:13 Elite Skirmisher
37:22 Leather Archer Armor
37:41 Hand Cart
38:31 Bracer
39:12 Plate Barding Armor
39:42 Chemistry
39:03 Ballistics
40:22 Plate Barding Armor
41:03 Crop Rotation
40:17 Cavalier
41:00 Pikeman
41:41 Squires
41:42 Scale Mail Armor
42:32 Conscription
41:52 Halberdier
42:18 Gambesons
42:49 Chain Mail Armor
46:56 Plate Mail Armor
47:02 Iron Casting
Connection lost

Rejoining the realm…

Still unreachable

The connection could not be restored.

Session expired

The server has moved on; the page needs a fresh start.